 Dungeon Crawl Stone Soup version 0.30-a0-782-ge64f9170bb (webtiles) character file.

Game seed: 12412230961631037984

165 Crownlay the Magician (level 5, -3/31 HPs)
             Began as an Octopode Earth Elementalist on Feb 26, 2023.
             Slain by a gnoll
             ... wielding a +0 spear
             ... led by a gnoll bouda
              (8 damage)
             ... on level 3 of the Dungeon.
             The game lasted 00:02:20 (2467 turns).

Crownlay the Magician (Octopode Earth Elementalist) Turns: 2467, Time: 00:02:21

Health: -3/31      AC:  1    Str:  7    XL:     5   Next: 46%
Magic:  4/11       EV: 18    Int: 20    God:
Gold:   128        SH:  0    Dex: 12    Spells: 8/12 levels left

rFire   . . .      SeeInvis .    p - +7 Throatcutter {drain, coup de grace}
rCold   . . .      Faith    .    (no shield)
rNeg    . . .      Spirit   .    (helmet restricted)
rPois   .          Reflect  .    (no amulet)
rElec   .          Harm     .    r - +5 ring of evasion
rCorr   .          Rampage  .    (no ring)
Will    .....                    (no ring)
Stlth   +++                      (no ring)
HPRegen 0.25/turn                (no ring)
MPRegen 0.12/turn                (no ring)
                                 (no ring)
                                 (no ring)

@: weakened
A: almost no armour, amphibious, 8 rings, camouflage 1, gelatinous body 1,
(nimble swimmer 1), tentacles
a: no special abilities


You were on level 3 of the Dungeon.
You visited 1 branch of the dungeon, and saw 3 of its levels.

You collected 128 gold pieces.

Inventory:

Hand Weapons
 p - the +7 Throatcutter (weapon) {drain, coup de grace}
   (You took it off Terence on level 2 of the Dungeon)
Jewellery
 h - a ring of protection from cold
 r - a +5 ring of evasion (left tentacle)
Scrolls
 c - 2 scrolls of vulnerability {unknown}
 d - 2 scrolls of fear {unknown}
 f - 2 scrolls of poison {unknown}
 g - 2 scrolls of teleportation {unknown}
 j - 3 scrolls of identify {unknown}
 k - a scroll of noise {unknown}
 o - a scroll of enchant weapon {unknown}
 q - a scroll of enchant armour {unknown}
Potions
 a - a potion of magic
 b - a potion of haste {unknown}
 e - 5 potions of attraction {unknown}
 i - a potion of might {unknown}
 l - a potion of curing {unknown}
 m - a potion of mutation {unknown}
 n - 4 potions of brilliance {unknown}


   Skills:
 - Level 2.0 Dodging
 - Level 2.6 Stealth
 * Level 4.3 Spellcasting
 - Level 1.0 Transmutations
 + Level 4.1 Earth Magic


You had 8 spell levels left.
You knew the following spells:

 Your Spells              Type           Power      Damage    Failure   Level
a - Sandblast             Erth           42%        2d11      2%          1
b - Stone Arrow           Conj/Erth      24%        3d8       16%         3

Your spell library contained the following spells:

 Spells                   Type           Power      Damage    Failure   Level
 Passwall                 Tmut/Erth      11%        N/A       6%          2
 Ensorcelled Hibernation  Hex/Ice        8%         N/A       19%         2
 Spider Form              Tmut/Pois      6%         N/A       30%         3
 Petrify                  Tmut/Erth      14%        N/A       38%         4
 Anguish                  Hex/Necr       2%         N/A       77%         4


Dungeon Overview and Level Annotations

Branches:
Dungeon (3/15)

Altars:


Innate Abilities, Weirdness & Mutations

You cannot wear most types of armour.
You are amphibious.
You can wear up to eight rings at the same time.
Your skin changes colour to match your surroundings (Stealth+).
Your rubbery body absorbs attacks. (AC +1, EV +1)
((You are camouflaged when in or above water. (Stealth+)))
You have tentacles for arms and can constrict up to eight enemies at once.


Message History

The giant cockroach barely misses you.
The blast of sand hits the gnoll bouda!
The gnoll bouda is severely wounded.
The gnoll completely misses you.
The gnoll hits you from afar with a +0 spear.
The gnoll bouda completely misses you. The giant cockroach bites you.
The gnoll bouda gazes fiercely through you!
You feel as though you will be weak longer.
The gnoll bouda hits you with a +0 whip.
The gnoll misses you. The gnoll closely misses you.
The blast of sand hits the gnoll bouda.
The gnoll bouda is almost dead.
The giant cockroach misses you. The gnoll completely misses you.
The gnoll hits you from afar with a +0 spear.
The gnoll bouda gazes fiercely through you!
You feel as though you will be weak longer.
The gnoll bouda misses you. The giant cockroach bites you.
You are too injured to fight recklessly!
You are too injured to fight recklessly!
You barely miss the gnoll bouda. You grab the gnoll bouda.
You squeeze the gnoll bouda.
You kill the gnoll bouda!
The giant cockroach misses you.
The gnoll hits you from afar with a +0 spear.
The gnoll barely misses you.
The giant cockroach bites you but does no damage.
The gnoll hits you from afar with a +0 spear.
* * * LOW HITPOINT WARNING * * *
The gnoll barely misses you.
You hit the giant cockroach. You drain the giant cockroach.
You kill the giant cockroach!
The gnoll closely misses you. x2
You hit the gnoll.
You behead the gnoll!
You kill the gnoll!
The gnoll barely misses you.
The gnoll hits you from afar with a +0 spear.
* * * LOW HITPOINT WARNING * * *
The gnoll completely misses you.
The gnoll hits you from afar with a +0 spear!
You die... ........................... #####+#######+####........ #.... ##.##+#.. ##.(.. #..<.... ##.... #....#.. #.... #....#.. .gg

+....'.. ###)###
#....##. #.)@..#
#....##. #..)..#
#....##. +.).).+
#....##. #.....#
###...#### #.....#
##.#.#.# ###'###
##..#.#.#
##.....###..)'.#.#
##.....###....#...#
##.....###.....#..##


You could see 2 gnolls.

Vanquished Creatures
  A gnoll bouda (D:3)
  Terence (D:2)
  4 gnolls (D:3)
  2 adders
  2 worms (D:3)
  A dart slug (D:3)
  An orc (D:3)
  4 endoplasms
  4 giant cockroaches
  6 goblins
  6 hobgoblins
  3 jackals (D:2)
  5 kobolds
  2 quokkas
  5 ball pythons
  2 bats (D:1)
  2 frilled lizards
  5 rats
56 creatures vanquished.

Notes
Turn   | Place    | Note
-------+----------+-------------------------------------------
     0 | D:1      | Crownlay the Octopode Earth Elementalist began the quest
                  | for the Orb.
     0 | D:1      | Reached XP level 1. HP: 11/11 MP: 3/3
   154 | D:1      | Reached XP level 2. HP: 17/17 MP: 1/5
  1104 | D:2      | Reached XP level 3. HP: 21/21 MP: 2/7
  1581 | D:2      | Noticed Terence
  1596 | D:1      | Learned a level 3 spell: Stone Arrow
  1894 | D:2      | Killed Terence
  1895 | D:2      | Reached XP level 4. HP: 27/27 MP: 0/9
  2220 | D:3      | Reached XP level 5. HP: 31/31 MP: 8/10
  2467 | D:3      | Slain by a gnoll

Illustrated notes

Levels and vault maps discovered:
D:1:      scummos_arrival_checkerplants, layout_basic, serial_rivers,
          chequers_serial_rivers_small_3, chequers_serial_rivers_micro_a,
          chequers_serial_rivers_room_b, chequers_serial_rivers_room_a,
          chequers_serial_rivers_marsh, chequers_serial_rivers_marsh
D:2:      layout_loops_ring, uniq_terence
D:3:      layout_basic, minmay_quadrilaterals

Skill      XL: |  1  2  3  4  5 |
---------------+----------------+-----
Spellcasting   | 3 4 |  4.3
Earth Magic    | 4 |  4.1
Dodging        | |  2.0
Stealth        | |  2.6
Transmutations | |  1.0

Action                     |  1- 3 |  4- 6 || total
---------------------------+-------+-------++-------
  Melee: Unarmed           |     4 |       ||     4
         Tentacles         |     3 |     1 ||     4
         Constrict         |     1 |     1 ||     2
         Club              |     1 |       ||     1
         Long sword        |       |     4 ||     4
   Cast: Sandblast         |    52 |    30 ||    82
         Stone Arrow       |     2 |       ||     2
 Armour: Skin              |     1 |     1 ||     2
  Dodge: Dodged            |    21 |    27 ||    48

Table legend: (Time is in decaauts)
 A = Elapsed time spent in this place.
 B = Non-inter-level travel time spent in this place.
 C = Inter-level travel time spent in this place.
 D = Time resting spent in this place.
 E = Time spent auto-exploring this place.
 F = Levels seen in this place.
 G = Mean time per level.
                   A        B        C        D        E       F      G
               +--------+--------+--------+--------+--------+-----+--------+
         Total |   2507 |   2454 |     53 |      0 |   2136 |   3 |  835.7 |
       Dungeon |   2507 |   2454 |     53 |      0 |   2136 |   3 |  835.7 |
               +--------+--------+--------+--------+--------+-----+--------+

Top non-repeatable levels by time:
     D:1: 1099 daAuts
     D:2: 931 daAuts
     D:3: 477 daAuts
